Unix NetHack Version 3.7.0-66 Work-in-progress - last build Dec 5 2022 03:26:57 (dbea811729ade750c4c0c7f8ab6145c62533a6e7,branch:master).

Game began 2022-12-22 22:22:27, ended 2022-12-22 23:07:55.

stenno, lawful female human Valkyrie

  
stone
stone
stone
stone
stone
stone
stone
stone
stone
stone
stone
stone
stone
stone
stone
stone
stone
stone
stone
stone
stone
stone
stone
stone
stone
stone
stone
stone
stone
stone
stone
stone
stone
stone
stone
stone
stone
stone
stone
stone
stone
stone
stone
stone
stone
stone
stone
stone
stone
stone
stone
stone
stone
stone
stone
stone
stone
stone
stone
stone
stone
stone
stone
stone
stone
stone
stone
stone
stone
stone
stone
stone
stone
stone
stone
stone
stone
stone
stone
stone
stone
stone
stone
stone
stone
stone
stone
stone
stone
stone
stone
stone
stone
stone
stone
stone
stone
stone
stone
stone
stone
stone
stone
stone
stone
stone
stone
stone
stone
stone
stone
stone
stone
stone
stone
stone
stone
stone
stone
stone
stone
stone
stone
stone
stone
stone
stone
stone
stone
stone
stone
stone
stone
stone
stone
stone
stone
stone
stone
stone
stone
stone
stone
stone
stone
stone
stone
stone
stone
stone
stone
stone
stone
stone
stone
stone
stone
stone
stone
stone
stone
stone
stone
stone
stone
stone
stone
stone
stone
stone
stone
stone
stone
stone
stone
stone
stone
stone
stone
stone
stone
stone
stone
stone
stone
stone
stone
stone
stone
stone
stone
stone
stone
stone
stone
stone
stone
stone
stone
stone
stone
stone
stone
stone
stone
stone
stone
stone
stone
stone
stone
stone
stone
stone
stone
stone
stone
stone
stone
stone
stone
stone
stone
stone
stone
stone
stone
stone
stone
stone
stone
stone
stone
stone
stone
stone
stone
stone
stone
stone
stone
stone
stone
stone
stone
stone
stone
stone
stone
stone
stone
stone
stone
stone
stone
stone
stone
stone
stone
stone
stone
stone
stone
wall
wall
wall
wall
wall
wall
wall
wall
wall
wall
wall
wall
wall
wall
wall
wall
wall
wall
wall
wall
wall
wall
wall
wall
wall
wall
stone
stone
stone
stone
stone
stone
stone
stone
stone
stone
stone
stone
stone
stone
stone
stone
stone
stone
stone
stone
stone
stone
stone
stone
stone
stone
stone
stone
stone
stone
stone
stone
stone
stone
stone
stone
stone
stone
stone
stone
stone
stone
stone
stone
stone
stone
stone
stone
stone
stone
stone
stone
stone
wall
.dark part of a room
^hole
^hole
^hole
^hole
^hole
^hole
^hole
^hole
^hole
^hole
.dark part of a room
.dark part of a room
.dark part of a room
.dark part of a room
.dark part of a room
.dark part of a room
.dark part of a room
.dark part of a room
.dark part of a room
.dark part of a room
.dark part of a room
.dark part of a room
>staircase down
wall
stone
stone
stone
stone
stone
stone
stone
stone
stone
stone
stone
stone
stone
stone
stone
stone
stone
stone
stone
stone
stone
stone
stone
stone
stone
stone
stone
stone
stone
stone
stone
stone
stone
stone
stone
stone
stone
stone
stone
stone
stone
stone
stone
stone
stone
stone
stone
stone
stone
stone
stone
stone
stone
wall
.dark part of a room
wall
wall
wall
wall
wall
wall
wall
wall
wall
wall
wall
wall
wall
wall
wall
wall
.dark part of a room
.dark part of a room
%a small glob of gray ooze
.dark part of a room
.dark part of a room
.dark part of a room
.dark part of a room
wall
stone
stone
stone
stone
stone
stone
stone
stone
stone
stone
stone
stone
stone
stone
stone
stone
stone
stone
stone
stone
stone
stone
stone
stone
stone
stone
stone
stone
stone
stone
stone
stone
stone
stone
stone
stone
stone
stone
stone
stone
stone
stone
stone
stone
stone
stone
stone
stone
stone
stone
stone
stone
stone
wall
.dark part of a room
wall
stone
stone
stone
stone
stone
stone
stone
stone
stone
wall
wall
wall
wall
wall
wall
.dark part of a room
wall
wall
wall
wall
wall
wall
wall
stone
stone
stone
stone
stone
stone
stone
stone
stone
stone
stone
stone
stone
stone
stone
stone
stone
stone
stone
stone
stone
stone
stone
stone
stone
stone
stone
stone
stone
stone
stone
stone
stone
stone
stone
stone
stone
stone
stone
stone
stone
stone
stone
stone
stone
stone
stone
stone
stone
stone
stone
stone
stone
wall
.dark part of a room
wall
stone
stone
stone
stone
stone
stone
stone
stone
stone
wall
.dark part of a room
.dark part of a room
.dark part of a room
.dark part of a room
.dark part of a room
.dark part of a room
.dark part of a room
.dark part of a room
.dark part of a room
.dark part of a room
.dark part of a room
wall
stone
stone
stone
stone
stone
stone
stone
stone
stone
stone
stone
stone
stone
stone
stone
stone
stone
stone
stone
stone
stone
stone
stone
stone
stone
stone
stone
stone
stone
stone
stone
stone
stone
stone
stone
stone
stone
stone
stone
stone
stone
stone
stone
stone
stone
stone
stone
stone
stone
stone
stone
stone
stone
stone
wall
.dark part of a room
wall
stone
stone
stone
stone
stone
stone
stone
stone
stone
wall
0a boulder
.dark part of a room
0a boulder
.dark part of a room
0a boulder
.dark part of a room
0a boulder
.dark part of a room
0a boulder
.dark part of a room
0a boulder
wall
stone
stone
stone
stone
stone
stone
stone
stone
stone
stone
stone
stone
stone
stone
stone
stone
stone
stone
stone
stone
stone
stone
stone
stone
stone
stone
stone
stone
stone
stone
stone
stone
stone
stone
stone
stone
stone
stone
stone
stone
stone
stone
stone
stone
stone
stone
stone
stone
stone
stone
stone
stone
stone
stone
wall
.dark part of a room
wall
stone
stone
stone
stone
stone
stone
stone
stone
stone
wall
wall
wall
wall
wall
.floor of a room
wall
wall
wall
wall
wall
wall
wall
wall
stone
stone
stone
stone
stone
stone
stone
stone
stone
stone
stone
stone
stone
stone
stone
stone
stone
stone
stone
stone
stone
stone
stone
stone
stone
stone
stone
stone
stone
stone
stone
stone
stone
stone
stone
stone
stone
stone
stone
stone
stone
stone
stone
stone
stone
stone
stone
stone
stone
stone
stone
stone
stone
wall
.dark part of a room
wall
stone
stone
stone
stone
stone
stone
stone
stone
stone
wall
.floor of a room
.floor of a room
.floor of a room
.floor of a room
.floor of a room
%a pancake
.floor of a room
.floor of a room
.floor of a room
.floor of a room
.floor of a room
.floor of a room
wall
stone
stone
stone
stone
stone
stone
stone
stone
stone
stone
stone
stone
stone
stone
stone
stone
stone
stone
stone
stone
stone
stone
stone
stone
stone
stone
stone
stone
stone
stone
stone
stone
stone
stone
stone
stone
stone
stone
stone
stone
stone
stone
stone
stone
stone
stone
stone
stone
stone
stone
stone
stone
stone
wall
.dark part of a room
wall
stone
stone
stone
stone
stone
stone
stone
stone
stone
wall
%a carrot
@human valkyrie called stenno
iquasit
.floor of a room
.floor of a room
.floor of a room
.floor of a room
.floor of a room
.floor of a room
.floor of a room
0a boulder
.dark part of a room
wall
stone
stone
stone
stone
stone
stone
stone
stone
stone
stone
stone
stone
stone
stone
stone
stone
stone
stone
stone
stone
stone
stone
stone
stone
stone
stone
stone
stone
stone
stone
stone
stone
stone
stone
stone
stone
stone
stone
stone
stone
stone
stone
stone
stone
stone
stone
stone
stone
stone
stone
stone
stone
stone
wall
.dark part of a room
wall
wall
wall
wall
wall
wall
wall
stone
stone
stone
wall
wall
wall
wall
wall
wall
wall
wall
.dark part of a room
wall
wall
wall
wall
wall
stone
stone
stone
stone
stone
stone
stone
stone
stone
stone
stone
stone
stone
stone
stone
stone
stone
stone
stone
stone
stone
stone
stone
stone
stone
stone
stone
stone
stone
stone
stone
stone
stone
stone
stone
stone
stone
stone
stone
stone
stone
stone
stone
stone
stone
stone
stone
stone
stone
stone
stone
stone
stone
wall
.dark part of a room
wall
.dark part of a room
.dark part of a room
.dark part of a room
.dark part of a room
.dark part of a room
wall
wall
wall
stone
stone
wall
.dark part of a room
.dark part of a room
%a giant mimic corpse
.dark part of a room
.dark part of a room
.dark part of a room
.dark part of a room
.dark part of a room
.dark part of a room
.dark part of a room
wall
stone
stone
stone
stone
stone
stone
stone
stone
stone
stone
stone
stone
stone
stone
stone
stone
stone
stone
stone
stone
stone
stone
stone
stone
stone
stone
stone
stone
stone
stone
stone
stone
stone
stone
stone
stone
stone
stone
stone
stone
stone
stone
stone
stone
stone
stone
stone
stone
stone
stone
stone
stone
stone
stone
wall
.dark part of a room
wall
.dark part of a room
.dark part of a room
.dark part of a room
.dark part of a room
.dark part of a room
+closed door
.dark part of a room
wall
stone
stone
wall
.dark part of a room
0a boulder
.dark part of a room
.dark part of a room
.dark part of a room
.dark part of a room
.dark part of a room
.dark part of a room
.dark part of a room
.dark part of a room
wall
stone
stone
stone
stone
stone
stone
stone
stone
stone
stone
stone
stone
stone
stone
stone
stone
stone
stone
stone
stone
stone
stone
stone
stone
stone
stone
stone
stone
stone
stone
stone
stone
stone
stone
stone
stone
stone
stone
stone
stone
stone
stone
stone
stone
stone
stone
stone
stone
stone
stone
stone
stone
stone
stone
wall
.dark part of a room
wall
.dark part of a room
.dark part of a room
.dark part of a room
.dark part of a room
.dark part of a room
wall
wall
wall
stone
stone
wall
wall
.dark part of a room
0a boulder
.dark part of a room
.dark part of a room
.dark part of a room
0a boulder
.dark part of a room
0a boulder
.dark part of a room
wall
stone
stone
stone
stone
stone
stone
stone
stone
stone
stone
stone
stone
stone
stone
stone
stone
stone
stone
stone
stone
stone
stone
stone
stone
stone
stone
stone
stone
stone
stone
stone
stone
stone
stone
stone
stone
stone
stone
stone
stone
stone
stone
stone
stone
stone
stone
stone
stone
stone
stone
stone
stone
stone
stone
wall
.dark part of a room
+closed door
.dark part of a room
.dark part of a room
.dark part of a room
.dark part of a room
.dark part of a room
+closed door
.dark part of a room
wall
stone
stone
stone
wall
wall
wall
wall
.dark part of a room
wall
wall
wall
wall
wall
wall
wall
stone
stone
stone
stone
stone
stone
stone
stone
stone
stone
stone
stone
stone
stone
stone
stone
stone
stone
stone
stone
stone
stone
stone
stone
stone
stone
stone
stone
stone
stone
stone
stone
stone
stone
stone
stone
stone
stone
stone
stone
stone
stone
stone
stone
stone
stone
stone
stone
stone
stone
stone
stone
stone
wall
wall
wall
.dark part of a room
.dark part of a room
.dark part of a room
.dark part of a room
.dark part of a room
wall
wall
wall
stone
stone
stone
stone
stone
wall
.dark part of a room
.dark part of a room
.dark part of a room
.dark part of a room
.dark part of a room
0a boulder
.dark part of a room
.dark part of a room
wall
stone
stone
stone
stone
stone
stone
stone
stone
stone
stone
stone
stone
stone
stone
stone
stone
stone
stone
stone
stone
stone
stone
stone
stone
stone
stone
stone
stone
stone
stone
stone
stone
stone
stone
stone
stone
stone
stone
stone
stone
stone
stone
stone
stone
stone
stone
stone
stone
stone
stone
stone
stone
stone
stone
stone
wall
.dark part of a room
.dark part of a room
.dark part of a room
.dark part of a room
.dark part of a room
+closed door
.dark part of a room
wall
stone
stone
stone
stone
stone
wall
.dark part of a room
.dark part of a room
.dark part of a room
.dark part of a room
.dark part of a room
.dark part of a room
.dark part of a room
.dark part of a room
wall
stone
stone
stone
stone
stone
stone
stone
stone
stone
stone
stone
stone
stone
stone
stone
stone
stone
stone
stone
stone
stone
stone
stone
stone
stone
stone
stone
stone
stone
stone
stone
stone
stone
stone
stone
stone
stone
stone
stone
stone
stone
stone
stone
stone
stone
stone
stone
stone
stone
stone
stone
stone
stone
stone
stone
wall
.dark part of a room
.dark part of a room
.dark part of a room
.dark part of a room
.dark part of a room
wall
wall
wall
stone
stone
stone
stone
stone
wall
wall
wall
wall
wall
wall
.dark part of a room
.dark part of a room
.dark part of a room
wall
stone
stone
stone
stone
stone
stone
stone
stone
stone
stone
stone
stone
stone
stone
stone
stone
stone
stone
stone
stone
stone
stone
stone
stone
stone
stone
stone
stone
stone
stone
stone
stone
stone
stone
stone
stone
stone
stone
stone
stone
stone
stone
stone
stone
stone
stone
stone
stone
stone
stone
stone
stone
stone
stone
stone
wall
wall
wall
wall
wall
wall
wall
stone
stone
stone
stone
stone
stone
stone
stone
stone
stone
stone
stone
wall
wall
wall
wall
wall
stone
stone
stone
stone
stone
stone
stone
stone
stone
stone
stone
stone
stone
stone
stone
stone
stone
stone
stone
stone
stone
stone
stone
stone
stone
stone
stone
[Stenno the Fighter ] St:17 Dx:13 Co:17 In:7 Wi:11 Ch:8 Lawful Dlvl:2 $:342 HP:0(72) Pw:14(14) AC:-3 Xp:8 T:5983 Hungry

Latest messages:

You see here a giant mimic corpse.
With great effort you move the boulder.
With great effort you move the boulder.
With great effort you move the boulder.
You see here a pancake.
What do you want to drop? [$a-zA-Z or ?*] Y
You drop an uncursed +0 pair of elven boots.
What do you want to drop? [$a-zA-XZ or ?*] F
You drop a carrot.
Your movements are now unencumbered.
What do you want to eat? [doAJ or ?*] o
Blecch! Rotten food!
The world spins and goes dark.
The quasit hits!
The quasit hits!
The quasit bites!
The quasit hits!
The quasit hits!
The quasit bites!
The quasit hits!
The quasit hits!
The quasit misses!
The quasit misses!
The quasit hits!
The quasit's sting was poisoned!
The quasit bites!
The quasit just misses!
The quasit hits!
The quasit just misses!
You are conscious again.
You hit the quasit.
The quasit hits!
The quasit hits!
The quasit bites!
You miss the quasit.
The quasit misses!
The quasit hits!
The quasit bites!
The quasit misses!
The quasit hits!
The quasit misses!
You hit the quasit!
The quasit hits!
The quasit hits!
The quasit bites!
You hit the quasit.
The quasit hits!
The quasit hits!
You die...
Do you want your possessions identified? [ynq] (y) q

Inventory:

Coins

$ - 342 gold pieces

Weapons

N - 5 uncursed +2 daggers (at the ready)
a - an uncursed very corroded +1 spear (weapon in hand)

Armor

g - a blessed +0 elven leather helm (being worn)
u - an uncursed +0 pair of leather gloves (being worn)
l - an uncursed +0 pair of iron shoes (being worn)
c - an uncursed +3 small shield (being worn)
p - an uncursed +2 elven cloak
X - an uncursed +0 mummy wrapping
L - an uncursed +0 elven mithril-coat (being worn)

Comestibles

d - an uncursed food ration
o - 2 uncursed food rations
F - an uncursed partly eaten food ration
A - 2 uncursed fortune cookies
J - 5 uncursed tripe rations

Scrolls

x - an uncursed scroll of create monster
H - 2 uncursed scrolls of earth
C - a blessed scroll of identify
Q - an uncursed scroll of identify
r - an uncursed scroll of remove curse

Spellbooks

D - an uncursed spellbook of confuse monster

Potions

S - an uncursed potion of blindness
q - a blessed potion of gain ability
O - a cursed potion of gain ability
n - an uncursed potion of invisibility
s - a cursed potion of levitation
T - a cursed potion of object detection
U - an uncursed potion of sleeping
y - an uncursed potion of water
Z - an uncursed potion of water

Rings

I - a cursed ring of polymorph
W - an uncursed ring of shock resistance
B - an uncursed ring of slow digestion
R - an uncursed ring of teleportation
w - a cursed ring of teleportation

Wands

E - an uncursed wand of create monster (0:11)
f - an uncursed wand of fire (0:1)
t - an uncursed wand of polymorph (0:5)
G - an uncursed wand of striking (0:5)
m - an uncursed wand of undead turning (0:4)

Tools

h - an empty uncursed sack
P - an uncursed frost horn (0:4)
M - an uncursed brass lantern
e - an uncursed magic marker (0:85)
j - an uncursed magic whistle
V - an uncursed mirror
i - a cursed oil lamp
k - an uncursed skeleton key
v - an uncursed skeleton key
K - an uncursed tallow candle
b - an uncursed towel
z - an uncursed towel

Stenno the Valkyrie's attributes:


Background:

You were a Fighter, a level 8 human Valkyrie.
You were lawful, on a mission for Tyr
who was opposed by Odin (neutral) and Loki (chaotic).
You were in Sokoban, on level 2.
You entered the dungeon 5983 turns ago.
It was nighttime.
There was a new moon in effect when your adventure ended.
You had 1401 experience points, 1159 more were needed to attain level 9.

Basics:

You had 0 out of 72 hit points.
You had all 14 energy points (spell power).
Your armor class was -3.
Your wallet contained 342 zorkmids.
Autopickup was on for '$/=?!' plus thrown.

Final Characteristics:

Your strength was 17 (peak:18/01, limit:18/100).
Your dexterity was 13 (limit:18).
Your constitution was 17 (peak:18, limit:18).
Your intelligence was 7 (limit:18).
Your wisdom was 11 (limit:18).
Your charisma was 8 (limit:18).

Final Status:

You were hungry.
You were unencumbered.
You were wielding a spear.
You were skilled in spear and could have enhanced that.

Final Attributes:

You were piously aligned.
You were cold resistant.
You were stealthy.
You were guarded.
You are dead.

Miscellaneous:
You disabled loading of bones levels.
Total elapsed playing time was 38 minutes and 37 seconds.

Major events:

Turn

1: stenno the lawful human Valkyrie entered the dungeon
598: entered the Gnomish Mines
1109: attained the rank of Skirmisher (level 3)
1444: reached Mine Town
2218: attained the rank of Fighter (level 6)
4122: entered Sokoban
4537: completed 1st Sokoban level
4969: completed 2nd Sokoban level
5476: completed 3rd Sokoban level
5983: killed by a quasit

Vanquished creatures:

a giant mimic
a cockatrice
an ogre
a gold golem
a Green-elf
3 jaguars
a gnome mummy
a human zombie
5 Woodland-elves
a water nymph
3 rock piercers
a rock mole
a pony
7 gnome leaders
2 gnomish wizards
2 gray oozes
2 giant ants
4 dwarves
3 homunculi
4 hill orcs
7 rothes
a centipede
2 giant bats
2 monkeys
2 orc zombies
2 dwarf zombies
2 acid blobs
a coyote
5 hobbits
9 manes
a large kobold
3 giant rats
a cave spider
a yellow mold
28 gnomes
3 geckos
4 jackals
4 foxes
a kobold
2 goblins
3 grid bugs
4 bats
2 lichens
a kobold zombie
7 newts
143 creatures vanquished.
No species were genocided or became extinct.

Voluntary challenges:

You read items or engraved 1 time.
You never engraved Elbereth.
You never genocided any monsters.
You never polymorphed an object.
You never changed form.
You used no wishes.
You did not violate any of the special Sokoban rules.

Achievements:

You entered the Gnomish Mines.
You entered a shop.
You attained the rank of Skirmisher.
You entered Minetown.
You entered a temple.
You attained the rank of Fighter.
You entered Sokoban.

The Dungeons of Doom: levels 1 to 7

   Level 1:
Level 2:
Level 3:
A general store.
Stairs down to The Gnomish Mines.
Level 4:
Level 5:
Level 6:
A fountain.
Stairs up to Sokoban, level 5.
Level 7:

The Gnomish Mines: levels 4 to 7

   Level 4:
Level 5:
Level 6:
Level 7:
Many shops, a temple, some fountains.

Sokoban: levels 5 up to 2

   Level 2: <- You were here.
Unsolved.
Final resting place for
you, killed by a quasit.
Level 3:
Solved.
Level 4:
Solved.
Level 5:
Solved.

Game over:

----------
/ \
/ REST \
/ IN \
/ PEACE \
/ \
| stenno |
| 342 Au |
| killed by a |
| quasit |
| |
| |
| 2022 |
*| * * * | *
_________)/\\_//(\/(/\)/\//\/|_)_______

Farvel stenno the Valkyrie...


You died in Sokoban on dungeon level 2 with 6252 points,
and 342 pieces of gold, after 5983 moves.
You were level 8 with a maximum of 72 hit points when you died.